 Dungeon Crawl Stone Soup version 0.21-a0-2-ge494091 (webtiles) character file.

53 sveltemanboy the Slasher (level 3, -6/29 HPs)
             Began as a Demonspawn Monk on May 22, 2017.
             Mangled by a gnoll
             ... wielding a +0 club
              (7 damage)
             ... on level 1 of the Dungeon.
             The game lasted 00:03:42 (1494 turns).

sveltemanboy the Slasher (Demonspawn Monk)          Turns: 1494, Time: 00:03:43

Health: -6/29      AC:  2    Str: 12    XL:     3   Next: 62%
Magic:  3/3        EV: 13    Int: 11    God:
Gold:   75         SH:  0    Dex: 15    Spells: 2/2 levels left

rFire    + . .     SeeInvis .   a - +0 falchion
rCold    + . .     Gourm    .   (no shield)
rNeg     . . .     Faith    .   h - +0 robe
rPois    +         Spirit   .   (no helmet)
rElec    .         Reflect  .   (no cloak)
rCorr    .         Harm     .   (no gloves)
MR       .....                  (no boots)
Stlth    +++.......             (no amulet)
Regen    0.1/turn               (no ring)
MPRegen  0.1/turn               (no ring)

@: no status effects
A: fangs 1, cold resistance 1, fire resistance 1, nightstalker 1, poison
resistance
a: no special abilities


You were on level 1 of the Dungeon.
You were not hungry.

You visited 1 branch of the dungeon, and saw 2 of its levels.

You collected 75 gold pieces.

Inventory:

Hand Weapons
 a - a +0 falchion (weapon)
 b - a +0 dagger
Armour
 h - a +0 robe (worn)
Wands
 j - a wand of digging (10/24)
Scrolls
 e - a scroll of enchant weapon {unknown}
 f - 3 scrolls of immolation {unknown}
 g - 3 scrolls of identify {unknown}
 k - a scroll of remove curse {unknown}
 l - a scroll of recharging {unknown}
Comestibles
 c - 3 bread rations
 d - 5 chunks of flesh
 i - 2 fruits


   Skills:
 - Level 3.0 Fighting
 + Level 3.4 Long Blades
 - Level 1.2 Armour
 - Level 3.0 Dodging
 + Level 2.2 Stealth


You had 2 spell levels left.
You didn't know any spells.

Dungeon Overview and Level Annotations

Branches:
Dungeon (2/15)

Altars:


Innate Abilities, Weirdness & Mutations

Your flesh is heat resistant. (rF+)
You are slightly more attuned to the shadows.
You have very sharp teeth.
Your flesh is cold resistant. (rC+)
Your system is resistant to poisons. (rPois)


Message History

The gnoll hits you but does no damage. The gnoll hits you with a club.
You are too injured to fight recklessly!
You are too injured to fight recklessly!
You are too injured to fight recklessly!
The gnoll hits you from afar with a halberd!
* * * LOW HITPOINT WARNING * * *
You see here a rat corpse.
You see here a club.
You see here a leopard gecko skeleton.
The gnoll misses you.
There is a stone staircase leading up here.
The gnoll hits you with a club.
* * * LOW HITPOINT WARNING * * *
You climb upwards.
There is a stone staircase leading down here.
It was a potion of mutation.
You feel extremely strange.
Your teeth lengthen and sharpen.
You feel resistant to poisons.
You feel resistant to cold. The gnoll hits you with a club!
You die...

# ####### ############### #
#.....# #.............# #
#####.....####.............# #
...........................# #
##############.........)...# #
....####.# #.............# #
###.#....#####.g...........######
................@..............†.
....#..#.#.#####...........#####.
....#..#.#.#####...........# #.
...........(..##.########### #.
....####.#....##.#...# #.
.........#....##.#...# #.
...#######....##.#...# #. ...#
#....##.#...# #.
##########.#..##.#...###########.


You could see a gnoll.

Vanquished Creatures
  A worm (D:2)
  3 dart slugs (D:1)
  3 leopard geckos
  A ball python (D:2)
  4 bats
  A giant cockroach (D:1)
  5 goblins
  4 hobgoblins
  4 jackals (D:1)
  2 kobolds (D:1)
  A quokka (D:2)
  3 frilled lizards
  5 rats
37 creatures vanquished.

Notes
Turn   | Place    | Note
-------+----------+-------------------------------------------
     0 | D:1      | sveltemanboy the Demonspawn Monk began the quest for the Orb.
     0 | D:1      | Reached XP level 1. HP: 18/18 MP: 1/1
   255 | D:1      | Gained mutation: Your flesh is heat resistant. (rF+) [demonic ancestry]
   255 | D:1      | Reached XP level 2. HP: 24/24 MP: 2/2
   567 | D:1      | Reached skill level 1 in Armour
   579 | D:1      | Gained mutation: You are slightly more attuned to the shadows. [demonic ancestry]
   579 | D:1      | Reached XP level 3. HP: 25/29 MP: 3/3
  1492 | D:2      | HP: 1/29 [gnoll/club (4)]
  1494 | D:1      | Gained mutation: You have very sharp teeth. [potion of mutation]
  1494 | D:1      | Gained mutation: Your system is resistant to poisons. (rPois) [potion of mutation]
  1494 | D:1      | Gained mutation: Your flesh is cold resistant. (rC+) [potion of mutation]
  1494 | D:1      | Mangled by a gnoll

Vault maps used:
D:1:      minmay_arrival_doors, minivault_25, minmay_tripent
D:2:      first_bread

Skill      XL: |  1  2  3 |
---------------+----------+-----
Dodging        | 3 |  3.0
Long Blades    | 3 |  3.4
Armour         | 1 |  1.2
Stealth        | 2 |  2.2
Fighting       | |  3.0

Action                   || total
-------------------------++-------
Melee: Falchion          ||   104
       Dagger            ||     5
  Use: Potion            ||     1
 Stab: Sleeping          ||     5
  Eat: Chunk             ||     2
Armor: Robe              ||    10
Dodge: Dodged            ||    76
       Rpst.: Falchion   ||    21
